TOP OF THE 1ST |
---|
Utica Unicorns batting - Pitching for Blueville 83's : RHP Clint Tancock | Pitching: RHP Clint Tancock | | Batting: RHB Kenny Cole | 0-0: Ball 1-0: Called Strike 1-1: Foul Ball, location: 2F 1-2: Strikes out swinging | Batting: RHB Gabriel Stout | 0-0: Swinging Strike 0-1: Foul Ball, location: 2F 0-2: Ball 1-2: Ball 2-2: Strikes out swinging | Batting: RHB Doug Brown | 0-0: Ball 1-0: SOLO HOME RUN (Flyball, 89XD), Distance : 409 ft | Batting: LHB José Román | 0-0: Called Strike 0-1: SINGLE (Groundball, 4S) (infield hit) | Batting: RHB Franklin Shaw | 0-0: Ball 1-0: Fly out, F8 (Flyball, 78D) | Top of the 1st over - 1 run, 2 hits, 0 errors, 1 left on base; Utica 1 - Blueville 0 | BOTTOM OF THE 1ST |
---|
Blueville 83's batting - Pitching for Utica Unicorns : RHP Carl Henry | Pitching: RHP Carl Henry | | Batting: RHB Kuniaki Kawashima | 0-0: Fly out, F7 (Flyball, 78D) | Batting: RHB José Estrada | 0-0: Ball 1-0: Ball 2-0: SINGLE (Line Drive, 56) | Batting: RHB Eric Johnson | 0-0: Called Strike José Estrada steals 2nd base 0-1: Foul Ball, location: 2F 0-2: Ball 1-2: Strikes out looking | Batting: LHB Brent Alonzo | 0-0: Called Strike 0-1: 2-RUN HOME RUN (Flyball, 9LD), Distance : 351 ft | Batting: RHB Matt Perkins | 0-0: Ball 1-0: SINGLE (Flyball, 9LS) | Batting: RHB Fernando Díaz | 0-0: Ball 1-0: Foul Ball, location: 2F 1-1: Called Strike 1-2: Ground out 1-3 (Groundball, 13S) | Bottom of the 1st over - 2 runs, 3 hits, 0 errors, 1 left on base; Utica 1 - Blueville 2 | TOP OF THE 2ND |
---|
Utica Unicorns batting - Pitching for Blueville 83's : RHP Clint Tancock | Batting: LHB Mitchell Oglethorpe | 0-0: Called Strike 0-1: Ball 1-1: Fly out, F7 (Flyball, 7LM) | Batting: RHB Andrew Good | 0-0: Foul Ball, location: 2F 0-1: Ball 1-1: Called Strike 1-2: Fly out, F7 (Flyball, 7LDF) | Batting: LHB Patrick Bright | 0-0: Called Strike 0-1: Fly out, F6 (Popup, 6) | Top of the 2nd over - 0 runs, 0 hits, 0 errors, 0 left on base; Utica 1 - Blueville 2 | BOTTOM OF THE 2ND |
---|
Blueville 83's batting - Pitching for Utica Unicorns : RHP Carl Henry | Batting: LHB Lorenzo Quintanilla | 0-0: Ground out 6-3 (Groundball, 6D) | Batting: RHB Daryl Floyd | 0-0: Ball 1-0: Ball 2-0: Ground out 3-1 (Groundball, 34S) | Batting: LHB Curt Causton | 0-0: Ball 1-0: Foul Ball, location: 2F 1-1: Called Strike 1-2: Strikes out swinging | Bottom of the 2nd over - 0 runs, 0 hits, 0 errors, 0 left on base; Utica 1 - Blueville 2 | TOP OF THE 3RD |
---|
Utica Unicorns batting - Pitching for Blueville 83's : RHP Clint Tancock | Batting: RHB Gustavo Rodríguez | 0-0: Called Strike 0-1: Called Strike 0-2: Strikes out swinging | Batting: RHB Kenny Cole | 0-0: Swinging Strike 0-1: Swinging Strike 0-2: Foul Ball, location: 2F 0-2: Ball 1-2: Strikes out swinging | Batting: RHB Gabriel Stout | 0-0: Ball 1-0: Ground out 4-3 (Groundball, 4S) | Top of the 3rd over - 0 runs, 0 hits, 0 errors, 0 left on base; Utica 1 - Blueville 2 | BOTTOM OF THE 3RD |
---|
Blueville 83's batting - Pitching for Utica Unicorns : RHP Carl Henry | Batting: RHB Kuniaki Kawashima | 0-0: Called Strike 0-1: Foul Ball, location: 2F 0-2: Ball 1-2: SINGLE (Line Drive, 78S) | Batting: RHB José Estrada | 0-0: Called Strike 0-1: Foul Ball, location: 2F 0-2: Strikes out swinging | Batting: RHB Eric Johnson | 0-0: Ball 1-0: Ball 2-0: Foul Ball, location: 2F 2-1: Fly out, F8 (Flyball, 8RM) | Batting: LHB Brent Alonzo | 0-0: Ball 1-0: Ball 2-0: Foul Ball, location: 2F 2-1: Called Strike 2-2: Foul Ball, location: 2F 2-2: Foul Ball, location: 2F 2-2: Reached on error, E6 (Groundball, 6) Kuniaki Kawashima to second | Batting: RHB Matt Perkins | 0-0: Ball 1-0: Ball 2-0: Ball 3-0: Called Strike 3-1: Swinging Strike 3-2: Strikes out looking | Bottom of the 3rd over - 0 runs, 1 hit, 1 error, 2 left on base; Utica 1 - Blueville 2 | TOP OF THE 4TH |
---|
Utica Unicorns batting - Pitching for Blueville 83's : RHP Clint Tancock | Batting: RHB Doug Brown | 0-0: Called Strike 0-1: Ground out 5-3 (Groundball, 56S) | Batting: LHB José Román | 0-0: Foul Ball, location: 2F 0-1: Foul Ball, location: 2F 0-2: Strikes out swinging | Batting: RHB Franklin Shaw | 0-0: Called Strike 0-1: Foul Ball, location: 2F 0-2: Ball 1-2: SINGLE (Line Drive, 7LM) | Batting: LHB Mitchell Oglethorpe | 0-0: Foul Ball, location: 2F 0-1: Ball 1-1: SINGLE (Line Drive, 34) Franklin Shaw to second | Batting: RHB Andrew Good | 0-0: Fielders Choice at 2nd, U6 (Groundball, 6M) | Top of the 4th over - 0 runs, 2 hits, 0 errors, 2 left on base; Utica 1 - Blueville 2 | BOTTOM OF THE 4TH |
---|
Blueville 83's batting - Pitching for Utica Unicorns : RHP Carl Henry | Batting: RHB Fernando Díaz | 0-0: Ball 1-0: Fly out, F3 (Popup, 34) | Batting: LHB Lorenzo Quintanilla | 0-0: Ball 1-0: Swinging Strike 1-1: Foul Ball, location: 2F 1-2: Ball 2-2: Foul Ball, location: 2F 2-2: Ball 3-2: Fly out, F9 (Flyball, 9LS) | Batting: RHB Daryl Floyd | 0-0: Foul Ball, location: 2F 0-1: Ball 1-1: Foul Ball, location: 2F 1-2: Foul Ball, location: 2F 1-2: Ground out 3-1 (Groundball, 34) | Bottom of the 4th over - 0 runs, 0 hits, 0 errors, 0 left on base; Utica 1 - Blueville 2 | TOP OF THE 5TH |
---|
Utica Unicorns batting - Pitching for Blueville 83's : RHP Clint Tancock | Batting: LHB Patrick Bright | 0-0: Called Strike 0-1: Swinging Strike 0-2: Fly out, F9 (Flyball, 9) | Batting: RHB Gustavo Rodríguez | 0-0: Ball 1-0: Fly out, F2 (Popup, 3SF) | Batting: RHB Kenny Cole | 0-0: Ground out 5-3 (Groundball, 56) | Top of the 5th over - 0 runs, 0 hits, 0 errors, 0 left on base; Utica 1 - Blueville 2 | BOTTOM OF THE 5TH |
---|
Blueville 83's batting - Pitching for Utica Unicorns : RHP Carl Henry | Batting: LHB Curt Causton | 0-0: Foul Ball, location: 2F 0-1: SINGLE (Line Drive, 8RM) | Batting: RHB Kuniaki Kawashima | 0-0: Ball 1-0: Called Strike 1-1: Fly out, F8 (Line Drive, 8LD) | Batting: RHB José Estrada | 0-0: Ball 1-0: Ball 2-0: Ball 3-0: Called Strike 3-1: SINGLE (Groundball, 6) (infield hit) Curt Causton to second | Batting: RHB Eric Johnson | 0-0: Ball 1-0: Foul Ball, location: 2F 1-1: Swinging Strike 1-2: Foul Ball, location: 2F 1-2: Foul Ball, location: 2F 1-2: Ball 2-2: Ball 3-2: Foul Ball, location: 2F 3-2: Strikes out swinging | Batting: LHB Brent Alonzo | 0-0: Ball 1-0: Ball 2-0: Called Strike 2-1: Swinging Strike 2-2: Foul Ball, location: 2F 2-2: Fly out, F7 (Flyball, 7S) | Bottom of the 5th over - 0 runs, 2 hits, 0 errors, 2 left on base; Utica 1 - Blueville 2 | TOP OF THE 6TH |
---|
Utica Unicorns batting - Pitching for Blueville 83's : RHP Clint Tancock | Batting: RHB Gabriel Stout | 0-0: Swinging Strike 0-1: Ball 1-1: Swinging Strike 1-2: Foul Ball, location: 2F 1-2: Strikes out swinging | Batting: RHB Doug Brown | 0-0: Called Strike 0-1: Foul Ball, location: 2F 0-2: Ball 1-2: Ball 2-2: Ball 3-2: Foul Ball, location: 2F 3-2: Ground out 6-3 (Groundball, 6S) | Batting: LHB José Román | 0-0: Fly out, F9 (Flyball, 89S) | Top of the 6th over - 0 runs, 0 hits, 0 errors, 0 left on base; Utica 1 - Blueville 2 | BOTTOM OF THE 6TH |
---|
Blueville 83's batting - Pitching for Utica Unicorns : RHP Carl Henry | Batting: RHB Matt Perkins | 0-0: Called Strike 0-1: Swinging Strike 0-2: Foul Ball, location: 2F 0-2: Ball 1-2: DOUBLE (Flyball, 8RXD) | Batting: RHB Fernando Díaz | 0-0: Fly out, F9 (Flyball, 89M) | Batting: LHB Lorenzo Quintanilla | 0-0: Ball 1-0: Called Strike 1-1: Ball 2-1: Ball 3-1: Called Strike 3-2: Ground out 3-1 (Groundball, 34S) Matt Perkins to third | Batting: RHB Daryl Floyd | 0-0: Called Strike 0-1: Swinging Strike 0-2: Fly out, F7 (Flyball, 78M) | Bottom of the 6th over - 0 runs, 1 hit, 0 errors, 1 left on base; Utica 1 - Blueville 2 | TOP OF THE 7TH |
---|
Utica Unicorns batting - Pitching for Blueville 83's : RHP Clint Tancock | Batting: RHB Franklin Shaw | 0-0: Ground out 6-3 (Groundball, 6) | Batting: LHB Mitchell Oglethorpe | 0-0: Called Strike 0-1: Called Strike 0-2: Fly out, F7 (Flyball, 7S) | Batting: RHB Andrew Good | 0-0: Called Strike 0-1: Foul Ball, location: 2F 0-2: Foul Ball, location: 2F 0-2: Foul Ball, location: 2F 0-2: Ball 1-2: Ball 2-2: SINGLE (Flyball, 8RS) - OUT at second base trying to stretch hit. | Top of the 7th over - 0 runs, 1 hit, 0 errors, 0 left on base; Utica 1 - Blueville 2 | BOTTOM OF THE 7TH |
---|
Blueville 83's batting - Pitching for Utica Unicorns : RHP Carl Henry | Pitching: RHP Ray McIntyre | | Batting: LHB Curt Causton | 0-0: Ball 1-0: Ball 2-0: Ground out U3 (Groundball, 34) | Batting: RHB Kuniaki Kawashima | 0-0: Ball 1-0: Foul Ball, location: 2F 1-1: Foul Ball, location: 2F 1-2: Strikes out swinging | Batting: RHB José Estrada | 0-0: Called Strike 0-1: Ball 1-1: Ball 2-1: Ball 3-1: Called Strike 3-2: Fly out, F9 (Flyball, 89S) | Bottom of the 7th over - 0 runs, 0 hits, 0 errors, 0 left on base; Utica 1 - Blueville 2 | TOP OF THE 8TH |
---|
Utica Unicorns batting - Pitching for Blueville 83's : RHP Clint Tancock | Batting: LHB Patrick Bright | 0-0: Ball 1-0: SOLO HOME RUN (Flyball, 8LXD), Distance : 443 ft | Batting: RHB Gustavo Rodríguez | 0-0: Swinging Strike 0-1: Ball 1-1: Fly out, F8 (Flyball, 78D) | Batting: RHB Kenny Cole | 0-0: Called Strike 0-1: Called Strike 0-2: Ball 1-2: Foul Ball, location: 2F 1-2: SINGLE (Groundball, 6MD) | Pinch Runner at 1st Jesús Raugel: | | Pinch Hitting: RHB Jack Bailey | 0-0: Called Strike Jesús Raugel steals 2nd base 0-1: Foul Ball, location: 2F 0-2: Fly out, F8 (Flyball, 8RM) | Batting: RHB Doug Brown | 0-0: Foul Ball, location: 2F 0-1: Foul Ball, location: 2F 0-2: Ground out 5-3 (Groundball, 56S) | Top of the 8th over - 1 run, 2 hits, 0 errors, 1 left on base; Utica 2 - Blueville 2 | BOTTOM OF THE 8TH |
---|
Blueville 83's batting - Pitching for Utica Unicorns : RHP Ray McIntyre | Now at 2B: Marcos Castillo | | Now in CF: Jesús Raugel | | Pinch Hitting: LHB Jacob Wright | 0-0: Called Strike 0-1: Called Strike 0-2: Strikes out swinging | Batting: LHB Brent Alonzo | 0-0: Called Strike 0-1: Ball 1-1: Foul Ball, location: 2F 1-2: Foul Ball, location: 2F 1-2: Ball 2-2: Ball 3-2: Foul Ball, location: 2F 3-2: SINGLE (Groundball, 34D) | Batting: RHB Matt Perkins | 0-0: Called Strike 0-1: Ball 1-1: Ball 2-1: Ball 3-1: Foul Ball, location: 2F 3-2: Foul Ball, location: 2F 3-2: Strikes out swinging | Batting: RHB Fernando Díaz | 0-0: 2-RUN HOME RUN (Flyball, 7LD), Distance : 345 ft | Pitching: RHP Mario González | | Batting: LHB Lorenzo Quintanilla | 0-0: Ball 1-0: Foul Ball, location: 2F 1-1: Ball 2-1: Ball 3-1: Base on Balls | Batting: RHB Daryl Floyd | 0-0: Ball 1-0: Foul Ball, location: 2F 1-1: Fly out, F7 (Flyball, 7) | Bottom of the 8th over - 2 runs, 2 hits, 0 errors, 1 left on base; Utica 2 - Blueville 4 | TOP OF THE 9TH |
---|
Utica Unicorns batting - Pitching for Blueville 83's : RHP Clint Tancock | Now in LF: Joe Emery | | Batting: LHB José Román | 0-0: Called Strike 0-1: Fly out, F8 (Flyball, 8LD) | Batting: RHB Franklin Shaw | 0-0: Called Strike 0-1: Ball 1-1: Foul Ball, location: 2F 1-2: Foul Ball, location: 2F 1-2: Foul Ball, location: 2F 1-2: Foul Ball, location: 2F 1-2: Foul Ball, location: 2F 1-2: Ball 2-2: Ground out 5-3 (Groundball, 56) | Batting: LHB Mitchell Oglethorpe | 0-0: Ground out 6-3 (Groundball, 6) | Top of the 9th over - 0 runs, 0 hits, 0 errors, 0 left on base; Utica 2 - Blueville 4 | |